 Dungeon Sprint DCSS version 0.29-a0-998-g1987434951 (webtiles) character file.

Game seed: 14703868249003557984

821 Hubris850 the Martial Artist (level 7, -2/68 HPs)
             Began as a Merfolk Transmuter on Aug 5, 2022.
             Was a High Priest of Makhleb.
             Killed from afar by a smoke demon (24 damage)
             ... with a ball of steam
             ... in the Dungeon (Sprint VII: "The Pits").
             The game lasted 00:03:23 (328 turns).

Hubris850 the Martial Artist (Merfolk Transmuter)    Turns: 328, Time: 00:03:24

Health: -2/68      AC:  8    Str: 10    XL:     7   Next: 95%
Magic:  12/17      EV: 13    Int: 15    God:    Makhleb [*****.]
Gold:   0          SH:  0    Dex: 14    Spells: 13/20 levels left

rFire   x . .      SeeInvis .     - Unarmed
rCold   + + +      Faith    .   (shield currently unavailable)
rNeg    . . .      Spirit   .   (body armour currently unavailable)
rPois   +          Reflect  .   (helmet currently unavailable)
rElec   .          Harm     .   (cloak currently unavailable)
rCorr   .          Rampage  .   (gloves currently unavailable)
Will    .....      NoTele   +   (boots currently unavailable)
Stlth   +.........              (no amulet)
HPRegen 0.21/turn               (no ring)
MPRegen 0.15/turn               (no ring)

@: ice-form, wereblooded, slowed, very slow
A: freezing attack, boosted hp, large, (nimble swimmer 2), (mertail)
a: End Transformation, Renounce Religion, Minor Destruction, Lesser Servant of
Makhleb, Major Destruction, Greater Servant of Makhleb


You were in the Dungeon.
You worshipped Makhleb.
Makhleb was extremely pleased with you.
You were a creature of crystalline ice.
You visited 1 branch

Inventory:

Armour
 a - a +0 robe (melded)
Scrolls
 h - a scroll of blinking
 j - 5 scrolls of amnesia
 k - a scroll of summoning
Potions
 b - a potion of lignification
 c - 6 potions of curing
 d - 5 potions of heal wounds
 e - a potion of haste
 f - 4 potions of magic
 g - 3 potions of berserk rage
 i - 2 potions of invisibility


   Skills:
 + Level 5.9 Fighting
 + Level 7.5 Dodging
 * Level 10.7 Unarmed Combat
 - Level 7.1 Spellcasting
 - Level 10.1 Transmutations
 - Level 5.9 Ice Magic


You had 13 spell levels left.
You knew the following spells:

 Your Spells              Type           Power      Damage    Failure   Level
a - Beastly Appendage     Tmut           70%        N/A       1%          1
b - Ice Form              Ice/Tmut       29%        N/A       4%          4
c - Wereblood             Tmut           35%        N/A       1%          2

Your spell library contained the following spells:

 Spells                   Type           Power      Damage    Failure   Level
 Spider Form              Tmut/Pois      20%        N/A       4%          3


Dungeon Overview and Level Annotations

Branches:
Dungeon (1/1)

Altars:
Ashenzari
Cheibriados
Dithmenos
Elyvilon
Fedhas
Gozag
Hepliaklqana
Kikubaaqudgha
Makhleb
Nemelex Xobeh
Okawaru
Qazlal
Ru
Sif Muna
Trog
Uskayaw
Vehumet
Wu Jian
Xom
Yredelemnul
Zin
The Shining One
Jiyva
Lugonu


Innate Abilities, Weirdness & Mutations

You are a creature of crystalline ice.
You have a powerful freezing melee attack.
Your maximum health is increased.
Your armour is entirely melded.
You are incapable of wielding weapons or throwing items.
((You are very nimble when in or above water. (Stealth+, EV+, Speed+++)))
((Your lower body shifts to a powerful aquatic tail in water.))


Message History

Your +0 robe unmelds from your body.
Memorise Wereblood, consuming 2 spell levels and leaving 13?
You start memorising the spell.
You continue memorising. x2
You finish memorising.
Spell assigned to 'c'.
Casting: Ice Form (dangerous; 4% risk of failure)
Confirm with . or Enter, or press ? or * to list all spells.
Okay, then.
Unknown command.
Casting: Ice Form (dangerous; 4% risk of failure)
Confirm with . or Enter, or press ? or * to list all spells.
You turn into a creature of crystalline ice.
Your +0 robe melds into your body.
Casting: Ice Form (dangerous; 4% risk of failure)
Confirm with . or Enter, or press ? or * to list all spells.
Your blood is infused with primal strength.
You open the door.
A black bear and a smoke demon come into view.
The black bear growls angrily.
You hear a chilling moan.
The smoke demon roars!
Something hits you. Something drains your vigour!
You feel yourself slow down.
Deactivating autopickup; reactivate with Ctrl-A.
You punch something! You freeze something. Something hits you!
You hit something but do no damage. Something hits you!!
You hit something but do no damage. Something hits you.
Something drains your vigour!
You feel as though you will be slow longer.
You punch something! You freeze something.
Something hits you but does no damage. The smoke demon gestures at you.
The sticky flame hits something!
The smoke demon gestures at you. Something smites you!
* * * LOW HITPOINT WARNING * * *
Something hits you but does no damage.
You feel much better. Something hits you! Something drains your vigour!
You feel as though you will be slow longer.
The smoke demon gestures at you.
The ball of steam hits something!!
The ball of steam hits you!! The steam scalds you terribly!
You die...

#.####)##'###...<...#
#.#.†......##.......#
#†#........##.......#
#)###########.......#
#.......#..##########
#..###..#.## ###
#.......#†# ...#
##.###.##†#3...#
#.......#Y{h...+
#..###..#'#....#
#.......'.# ...#
########### ###


You could see a smoke demon and a black bear.

Vanquished Creatures
  A komodo dragon (D)
  A floating eye (D)
  An ice beast (D)
  A phantom (D)
  A kobold brigand (D)
  A bullfrog (D)
  2 scorpions (D)
  A crimson imp (D)
  A quasit (D)
  An orc (D)
  A bat skeleton (D)
  A giant cockroach (D)
  A goblin (D)
  A hobgoblin (D)
  3 jackals (D)
  A quokka (D)
  A ball python (D)
  A ball python skeleton (D)
21 creatures vanquished.

Notes
Turn   | Place    | Note
-------+----------+-------------------------------------------
     0 | D        | Hubris850 the Merfolk Transmuter began the quest for the
                  | Orb.
     0 | D        | Reached XP level 1. HP: 15/15 MP: 3/3
    40 | D        | Found a bloodstained altar of Trog.
    40 | D        | Found a shimmering blue altar of Sif Muna.
    40 | D        | Found a viscous altar of Jiyva.
    40 | D        | Found a hazy altar of Hepliaklqana.
    40 | D        | Found an opulent altar of Gozag.
    41 | D        | Found a glowing golden altar of the Shining One.
    41 | D        | Found a glowing silver altar of Zin.
    41 | D        | Found a basalt altar of Yredelemnul.
    41 | D        | Found a shimmering altar of Xom.
    41 | D        | Found an ornate altar of the Wu Jian Council.
    41 | D        | Found a sacrificial altar of Ru.
    41 | D        | Found a stormy altar of Qazlal.
    41 | D        | Found an iron altar of Okawaru.
    41 | D        | Found a sparkling altar of Nemelex Xobeh.
    41 | D        | Found a burning altar of Makhleb.
    41 | D        | Found a blossoming altar of Fedhas.
    41 | D        | Found a white marble altar of Elyvilon.
    41 | D        | Found a shadowy altar of Dithmenos.
    41 | D        | Found a snail-covered altar of Cheibriados.
    43 | D        | Found a corrupted altar of Lugonu.
    43 | D        | Found a radiant altar of Vehumet.
    44 | D        | Found an ancient bone altar of Kikubaaqudgha.
    44 | D        | Found a hide-covered altar of Uskayaw.
    44 | D        | Found a broken altar of Ashenzari.
    50 | D        | Became a worshipper of Makhleb the Destroyer
    62 | D        | Noticed a floating eye
    62 | D        | Noticed a scorpion
    67 | D        | Paralysed by a floating eye for 3 turns
    70 | D        | Killed a floating eye
    71 | D        | Reached skill level 5 in Spellcasting
    71 | D        | Reached XP level 2. HP: 21/21 MP: 4/8
    71 | D        | Reached XP level 3. HP: 26/26 MP: 4/9
    71 | D        | Reached XP level 4. HP: 32/32 MP: 4/11
    75 | D        | Killed a scorpion
    76 | D        | Reached XP level 5. HP: 33/37 MP: 4/13
    81 | D        | Learned a level 4 spell: Ice Form
   149 | D        | Reached * piety under Makhleb
   155 | D        | Noticed an ice beast
   166 | D        | Killed an ice beast
   166 | D        | Reached ** piety under Makhleb
   167 | D        | Reached XP level 6. HP: 43/43 MP: 11/15
   175 | D        | Reached skill level 10 in Transmutations
   175 | D        | Reached skill level 5 in Ice Magic
   232 | D        | Reached *** piety under Makhleb
   237 | D        | Reached XP level 7. HP: 52/52 MP: 13/17
   246 | D        | Reached skill level 5 in Dodging
   251 | D        | Reached **** piety under Makhleb
   270 | D        | Noticed a komodo dragon
   279 | D        | Killed a komodo dragon
   280 | D        | Reached skill level 5 in Fighting
   280 | D        | Reached skill level 10 in Unarmed Combat
   284 | D        | Reached ***** piety under Makhleb
   318 | D        | Learned a level 2 spell: Wereblood
   320 | D        | Noticed a smoke demon
   328 | D        | Killed from afar by a smoke demon

Illustrated notes

Levels and vault maps discovered:
D:        pitsprint [storerooms_1, entrance_room_1, metal_vault_2, armoury_3,
          mini_pit_1, grid_room_1, main_hall_1, silver_pit, the_coven_3,
          the_vestibule_1, steel_vault_3, golden_pit, hallway_of_sentries,
          crystal_vault_1, iron_vault_4, final_vault]

Skill      XL: |  1  2  3  4  5  6  7 |
---------------+----------------------+-----
Transmutations | 7 8 9 10 | 10.1
Unarmed Combat | 6 8 10 | 10.7
Spellcasting   | 5 6 7 |  7.1
Ice Magic      | 4 5 |  5.9
Fighting       | 3 5 |  5.9
Dodging        | 4 7 |  7.5

Action                   |  1- 3 |  4- 6 |  7- 9 || total
-------------------------+-------+-------+-------++-------
Melee: Unarmed           |     7 |    32 |    35 ||    74
       Punch             |       |     1 |       ||     1
 Cast: Ice Form          |       |     2 |     1 ||     3
       Wereblood         |       |       |     1 ||     1
Invok: Minor Destruction |       |     1 |       ||     1
  Use: Potion            |       |       |     1 ||     1
 Stab: Sleeping          |     1 |     1 |       ||     2
Armor: Robe              |     1 |     2 |       ||     3
       Skin              |       |     5 |    13 ||    18
Dodge: Dodged            |       |    16 |    21 ||    37

Table legend: (Time is in decaauts)
 A = Elapsed time spent in this place.
 B = Non-inter-level travel time spent in this place.
 C = Inter-level travel time spent in this place.
 D = Time resting spent in this place.
 E = Time spent auto-exploring this place.
 F = Levels seen in this place.
 G = Mean time per level.
                   A        B        C        D        E       F      G
               +--------+--------+--------+--------+--------+-----+--------+
         Total |    319 |    319 |      0 |     78 |      0 |   1 |  319.0 |
       Dungeon |    319 |    319 |      0 |     78 |      0 |   1 |  319.0 |
               +--------+--------+--------+--------+--------+-----+--------+

Top non-repeatable levels by time:
       D: 319 daAuts
